 Dungeon Crawl Stone Soup version 0.30-a0-6-g7c9e10e132 (webtiles) character file.

Game seed: 6671358067818218506

9 ytrimaz the Trooper (level 2, 24/24 HPs)
             Began as a Demonspawn Fighter on Aug 22, 2022.
             Quit the game on level 1 of the Dungeon.
             The game lasted 00:00:20 (217 turns).

ytrimaz the Trooper (Demonspawn Fighter)             Turns: 217, Time: 00:00:21

Health: 24/24      AC:  6    Str: 16    XL:     2   Next: 6%
Magic:  2/2        EV:  8    Int:  9    God:
Gold:   0          SH:  4    Dex: 12    Spells: 1/1 levels left

rFire   . . .      SeeInvis .    a - +0 war axe
rCold   . . .      Faith    .    c - +0 buckler
rNeg    . . .      Spirit   .    b - +0 scale mail
rPois   .          Reflect  .    (no helmet)
rElec   .          Harm     .    (no cloak)
rCorr   .          Rampage  .    (no gloves)
Will    .....                    (no boots)
Stlth   ..........               (no amulet)
HPRegen 0.08/turn                (no ring)
MPRegen 0.08/turn                (no ring)

@: no status effects
A: demonic magic 1
a: no special abilities


You were on level 1 of the Dungeon.
You visited 1 branch of the dungeon, and saw 1 of its levels.

Inventory:

Hand Weapons
 a - a +0 war axe (weapon)
Armour
 b - a +0 scale mail (worn)
 c - a +0 buckler (worn)
Jewellery
 e - an amulet of magic regeneration
Potions
 d - a potion of might
 f - a potion of brilliance {unknown}
 g - a potion of curing {unknown}


   Skills:
 + Level 3.4 Fighting
 + Level 2.0 Axes
 - Level 2.6 Armour
 - Level 2.6 Shields


You had one spell level left.
You didn't know any spells.
Your spell library was empty.

Dungeon Overview and Level Annotations

Branches:
Dungeon (1/15)

Altars:


Innate Abilities, Weirdness & Mutations

Spells you cast may paralyse adjacent enemies.


Message History

No target in view!
A quokka and a rat come into view.
A dart slug comes into view.
There are monsters nearby!
There are monsters nearby!
You slash the quokka!
You kill the quokka!
The dart slug launches a dart at you. The slug dart hits you.
An endoplasm comes into view.
The endoplasm quivers.
The dart slug launches a dart at you. The slug dart hits you.
You see here a quokka corpse.
You slash the rat!
You kill the rat!
The dart slug launches a dart at you. The slug dart hits you.
You are too injured to fight recklessly!
You are too injured to fight recklessly!
You slash the endoplasm!
You kill the endoplasm!
You hit the dart slug.
The dart slug bites you but does no damage.
Your Axes skill increases to level 2!
You are too injured to fight recklessly!
The dart slug barely misses you.
You slash the dart slug!
You kill the dart slug!
You have reached level 2!
Your demonic ancestry asserts itself...
A menacing aura infuses your magic.
You see here a dart slug corpse.
HP restored.
g - a lumpy white potion A rat comes into view.
Found a short sword.
A rat is nearby!
A rat is nearby!
Are you sure you want to abandon this character and quit the game? (Confirm with "yes".)

#### .#### ..# ....
...... ..# ...
...... #.# ..
.)..r.# #.# .# .
.......##.##########
.## ..
........#..........#
..##...
.......@...........#
.......
##.#.######........#
......## ...
##.......# ###
.######.###..
#.......###..
.######.....##
####............
......##.....
>..#............
.......#....
#.#............
..##...#.#.####
#..........†...
.####..#......#
##.(.......†...


You could see a rat.

Vanquished Creatures
  A dart slug (D:1)
  An endoplasm (D:1)
  2 quokkas (D:1)
  A ball python (D:1)
  A frilled lizard (D:1)
  2 rats (D:1)
8 creatures vanquished.

Notes
Turn   | Place    | Note
-------+----------+-------------------------------------------
     0 | D:1      | ytrimaz the Demonspawn Fighter began the quest for the Orb.
     0 | D:1      | Reached XP level 1. HP: 18/18 MP: 1/1
    65 | D:1      | Gained mutation: Spells you cast may paralyse adjacent
                  | enemies. [demonic ancestry]
    65 | D:1      | Reached XP level 2. HP: 13/24 MP: 2/2
   217 | D:1      | Quit the game

Illustrated notes

Levels and vault maps discovered:
D:1:      minmay_arrival_four_loops, layout_rooms, serial_shops, shop

Skill      XL: |  1 |
---------------+----+-----
Axes           | 2 |  2.0
Fighting       | |  3.4
Armour         | |  2.6
Shields        | |  2.6

Action                   || total
-------------------------++-------
Melee: War axe           ||     8
Armor: Scale mail        ||     2
Dodge: Dodged            ||     2
Block: Buckler           ||     1

Table legend: (Time is in decaauts)
 A = Elapsed time spent in this place.
 B = Non-inter-level travel time spent in this place.
 C = Inter-level travel time spent in this place.
 D = Time resting spent in this place.
 E = Time spent auto-exploring this place.
 F = Levels seen in this place.
 G = Mean time per level.
                   A        B        C        D        E       F      G
               +--------+--------+--------+--------+--------+-----+--------+
         Total |    220 |    220 |      0 |      0 |    181 |   1 |  220.0 |
       Dungeon |    220 |    220 |      0 |      0 |    181 |   1 |  220.0 |
               +--------+--------+--------+--------+--------+-----+--------+

Top non-repeatable levels by time:
     D:1: 220 daAuts
